 Dungeon Crawl Stone Soup version 0.28.0-45-g0d030f2227 (webtiles) character file.

Game seed: 5221773725153672460

788 powzer the Chopper (level 7, -6/61 HPs)
             Began as a Minotaur Berserker on Apr 23, 2022.
             Was a Believer of Trog.
             Succumbed to falhazar's ghost's poison
             ... on level 4 of the Dungeon.
             The game lasted 00:30:43 (3284 turns).

powzer the Chopper (Minotaur Berserker)             Turns: 3284, Time: 00:30:43

Health: -6/61      AC: 10    Str: 23    XL:     7   Next: 56%
Magic:  6/6        EV:  9    Int:  4    God:    Trog [**....]
Gold:   127        SH:  0    Dex: 10    Spells: 6/6 levels left

rFire   . . .      SeeInvis .   o - +1 hand axe (flame)
rCold   + . .      Faith    .   (no shield)
rNeg    . . .      Spirit   .   p - +0 chain mail
rPois   .          Reflect  .   (helmet restricted)
rElec   .          Harm     .   (no cloak)
rCorr   .          Rampage  .   (no gloves)
Will    .....                   (no boots)
Stlth   ..........              (no amulet)
HPRegen 0.20/turn               h - ring of protection from cold
MPRegen 0.10/turn               (no ring)

@: lethally poisoned (-6 -> -29), about to teleport, on berserk cooldown,
slowed, very slow
A: horns 2, retaliatory headbutt
a: Renounce Religion, Berserk, Trog's Hand


You were on level 4 of the Dungeon.
You worshipped Trog.
Trog was pleased with you.
You visited 2 branches of the dungeon, and saw 5 of its levels.
You also visited: Sewer.

You collected 127 gold pieces.

Inventory:

Hand Weapons
 o - a +1 hand axe of flaming (weapon)
Missiles
 d - 126 stones (quivered)
 e - 10 poisoned darts
 m - 5 boomerangs
Armour
 p - a +0 chain mail (worn)
Jewellery
 h - a ring of protection from cold (left hand)
Wands
 s - a wand of flame (11)
Scrolls
 b - a scroll of fog
 c - a scroll of teleportation
 f - a scroll of identify
 k - a scroll of enchant armour
Potions
 a - a potion of curing {unknown}
 g - a potion of flight {unknown}
 i - 4 potions of attraction {unknown}
 j - a potion of brilliance {unknown}
 n - a potion of heal wounds {unknown}
 q - a potion of berserk rage


   Skills:
 + Level 5.3 Fighting
 + Level 6.7 Axes
 + Level 1.8 Throwing
 * Level 6.6 Armour
 + Level 3.5 Dodging


You had 6 spell levels left.
You didn't know any spells.
Your spell library was empty.

Dungeon Overview and Level Annotations

Branches:
Dungeon (4/15)             Temple (1/1) D:4           Sewer (visited)

Altars:
Ashenzari
Dithmenos
Elyvilon
Hepliaklqana
Kikubaaqudgha
Makhleb
Qazlal
Sif Muna
Trog

Shops:
D:1 (

Annotations:
D:4 1 transporter, falhazar's ghost, amateur DsGl


Innate Abilities, Weirdness & Mutations

You have a pair of horns on your head.
You reflexively headbutt those who attack you in melee.


Message History

You enter the transporter and appear at another place.
You feel a strong urge to attack something.
You feel your anger nearly subside.
You are no longer berserk.
You are exhausted.
You feel yourself slow down.
You hit falhazar's ghost. You burn falhazar's ghost.
Falhazar's ghost is lightly damaged.
You hit the ogre but do no damage. The ogre closely misses you.
You furiously retaliate!
You headbutt the ogre.
Falhazar's ghost hits you but does no damage.
You are poisoned.
Falhazar's ghost closely misses you.
You barely miss falhazar's ghost.
Falhazar's ghost is lightly damaged.
You barely miss the ogre.
You feel very sick.
Falhazar's ghost hits you but does no damage.
You are more poisoned.
The ogre hits you with the +8 great mace of the Protecting Blowfly {protect, rElec rC+ rN+ Str-2}!
The ogre hits you with a +0 giant spiked club.
You hit falhazar's ghost but do no damage.
Falhazar's ghost is lightly damaged.
You hit the ogre but do no damage. x2
You feel very sick. Falhazar's ghost hits you. The ogre barely misses you.
You furiously retaliate!
You headbutt the ogre! The ogre misses you. Falhazar's ghost hits you.
You are more poisoned.
As you read the scroll of teleportation, it crumbles to dust.
You feel strangely unstable.
You feel extremely sick. The ogre barely misses you. You furiously retaliate!
You headbutt the ogre, but do no damage.
The ogre barely misses you. You furiously retaliate!
You headbutt the ogre! Falhazar's ghost hits you.
You are lethally poisoned!
* * * LOW HITPOINT WARNING * * *
You feel extremely sick.
The ogre hits you with the +8 great mace of the Protecting Blowfly {protect, rElec rC+ rN+ Str-2}!
* * * LOW HITPOINT WARNING * * *
You die...

°.# ##............####### ##
..#### ##..........#### #.
..#..##### #####.###...>.#######.
..##.....## ##<#######.##......
..######.>#####...######....##...
#### ###...##...................
...## #......................##..
....# #....#################.#...
....# #....#....@©.....# #...#.
....###....#.#..#.#..#.# #.....
...........#..##OWO##..# #...##
......#....#..##...##..# ##.#...
....[.#....#.#..#.#..#.####..#.#.
...........#©...[$.)...#....#....
....#.....################.......
....##........[.©.©......).......
....##.##...............###......


You could see an ogre and falhazar's ghost.

Vanquished Creatures
  Eustachio (D:4)
  Edmund (D:4)
  Pargi (Sewer)
  A black bear (D:4)
  A necrophage (D:4)
  A kobold brigand (D:4)
  Ijyb (D:4)
  An iguana (D:4)
  Robin (D:4)
  A hound skeleton (D:4)
  2 adders
  3 dart slugs
  4 orcs
  3 ball pythons
  7 bats
  8 endoplasms
  6 giant cockroaches (D:4)
  17 goblins
  5 hobgoblins
  4 jackals (D:4)
  4 quokkas
  2 frilled lizards
  8 kobolds
  8 rats
91 creatures vanquished.

Notes
Turn   | Place    | Note
-------+----------+-------------------------------------------
     0 | D:1      | powzer the Minotaur Berserker began the quest for the Orb.
     0 | D:1      | Reached XP level 1. HP: 19/19 MP: 0/0
    11 | D:1      | Found a faded altar of an unknown god.
   226 | D:1      | Reached XP level 2. HP: 23/27 MP: 1/1
   405 | D:1      | Found Famm's Weapon Boutique.
   534 | D:1      | Reached XP level 3. HP: 29/33 MP: 2/2
  1283 | D:2      | Reached ** piety under Trog
  2273 | D:4      | Reached XP level 4. HP: 41/41 MP: 3/3
  2282 | D:4      | Noticed a black bear
  2288 | D:4      | Killed a black bear
  2289 | D:4      | Reached skill level 5 in Axes
  2289 | D:4      | Reached skill level 1 in Throwing
  2289 | D:4      | Reached XP level 5. HP: 47/47 MP: 4/4
  2365 | D:4      | Noticed Eustachio
  2375 | D:4      | Killed Eustachio
  2376 | D:4      | Reached skill level 5 in Armour
  2376 | D:4      | Reached XP level 6. HP: 45/55 MP: 5/5
  2383 | D:4      | Found a transporter.
  2383 | D:4      | Found a transporter.
  2384 | D:4      | Noticed falhazar's ghost (amateur DsGl)
  2390 | D:4      | Identified the +8 great mace of the Protecting Blowfly
                  | {protect, rElec rC+ rN+ Str-2}
  2398 | D:4      | Noticed Edmund
  2409 | D:4      | Killed Edmund
  2410 | D:4      | Reached skill level 5 in Fighting
  2430 | D:4      | Reached XP level 7. HP: 23/61 MP: 6/6
  2501 | D:4      | Found a glowing drain.
  2529 | Sewer    | Entered a sewer
  2560 | Sewer    | Noticed Pargi
  2585 | Sewer    | Killed Pargi
  2650 | D:4      | Noticed Robin
  2668 | D:4      | Killed Robin
  2675 | D:4      | Reached *** piety under Trog
  2984 | D:4      | Noticed Ijyb
  3002 | D:4      | Killed Ijyb
  3014 | D:4      | Found a staircase to the Ecumenical Temple.
  3023 | Temple   | Entered the Ecumenical Temple
  3283 | D:4      | HP: 1/61 [ogre/the +8 great mace of the Protecting Blowfly
                  | {protect, rElec rC+ rN+ Str-2} (12)]
  3284 | D:4      | Succumbed to falhazar's ghost's poison

Illustrated notes

Levels and vault maps discovered:
D:1:      dpeg_arrival_windows_large_door, layout_rooms,
          chequers_ecumenical_altar_island, serial_shops, nicolae_lakefront_shop
D:2:      layout_basic, corner_web_ring, kennysheep_decorative_pillar
D:3:      layout_basic
D:4:      layout_rooms, lemuel_temple_firewalk_b, gammafunk_ghost_smash,
          gup_sewer_entry_pipe, kennysheep_generic_room_9, uniq_robin,
          uniq_eustachio, uniq_ijyb, uniq_edmund
Temple:   dpeg_five_rooms_temple

Skill      XL: |  1  2  3  4  5  6 |
---------------+-------------------+-----
Axes           | 4 5 6 |  6.7
Fighting       | 4 5 |  5.3
Armour         | 3 5 6 |  6.6
Throwing       | 1 |  1.8
Dodging        | 3 |  3.5

Action                   |  1- 3 |  4- 6 |  7- 9 || total
-------------------------+-------+-------+-------++-------
Melee: Hand axe          |    76 |    45 |    97 ||   218
       Headbutt          |     6 |    11 |    16 ||    33
       Punch             |       |     2 |     1 ||     3
Throw: Stone             |    10 |       |     3 ||    13
Invok: Berserk           |     1 |     3 |     1 ||     5
       Trog's Hand       |       |       |     1 ||     1
  Use: Scroll            |       |       |     5 ||     5
Armor: Animal skin       |     5 |       |       ||     5
       Leather armour    |     1 |       |       ||     1
       Ring mail         |    13 |     8 |    38 ||    59
       Chain mail        |       |       |     2 ||     2
Dodge: Dodged            |    52 |    19 |    52 ||   123
